 Dungeon Crawl Stone Soup version 0.29-a0-330-g52719c12eb (webtiles) character file.

Game seed: 9539443333418980950

81 Leszczynek the Chopper (level 4, -1/35 HPs)
             Began as a Human Gladiator on Apr 19, 2022.
             Splashed by a jelly's acid (6 damage)
             ... on level 4 of the Dungeon.
             The game lasted 00:05:53 (477 turns).

Leszczynek the Chopper (Human Gladiator)             Turns: 477, Time: 00:05:54

Health: -1/35      AC: -4    Str: 16    XL:     4   Next: 67%
Magic:  4/4        EV: 13    Int:  8    God:
Gold:   106        SH:  0    Dex: 15    Spells: 3/3 levels left

rFire   . . .      SeeInvis .   a - +2 whip (elec)
rCold   . . .      Faith    .   (no shield)
rNeg    . . .      Spirit   .   b - +0 leather armour
rPois   .          Reflect  .   c - +0 helmet
rElec   .          Harm     .   (no cloak)
rCorr   .          Rampage  .   (no gloves)
Will    .....                   (no boots)
Stlth   +.........              (no amulet)
HPRegen 0.11/turn               (no ring)
MPRegen 0.09/turn               (no ring)

@: corroded
A: no striking features
a: no special abilities


You were on level 4 of the Dungeon.
You visited 1 branch of the dungeon, and saw 4 of its levels.

You collected 106 gold pieces.

Inventory:

Hand Weapons
 a - a +2 whip of electrocution (weapon)
 f - a +0 war axe
Missiles
 d - 3 throwing nets
 e - a javelin (quivered)
Armour
 b - a +0 leather armour (worn)
 c - a +0 helmet (worn)
Scrolls
 h - a scroll of teleportation {unknown}
 i - a scroll of vulnerability {unknown}
 k - a scroll of identify {unknown}
Potions
 j - a potion of curing {unknown}
 l - a potion of attraction {unknown}


   Skills:
 * Level 3.0 Fighting
 * Level 3.7 Axes
 + Level 2.5 Throwing
 + Level 3.4 Dodging


You had 3 spell levels left.
You didn't know any spells.
Your spell library was empty.

Dungeon Overview and Level Annotations

Branches:
Dungeon (4/15)
 Temple: D:4-7

Altars:

Annotations:
D:3 Robin


Message History

A goblin comes into view. It is wielding a +0 dagger.
The worm misses you.
Unknown command.
You hit the worm. Lightning courses through the worm!
The worm is heavily wounded.
You hit the worm. Lightning courses through the worm!
You kill the worm!
You hit the goblin.
You kill the goblin!
You barely miss the goblin. The goblin completely misses you.
You closely miss the goblin. The goblin closely misses you.
You hit the goblin.
You kill the goblin!
Things that are here:
a +0 club; a +0 club
Things that are here:
a +0 club; a +0 club
Things that are here:
a +0 dagger; a goblin corpse
There is a stone staircase leading down here.
You climb downwards.
The jelly quivers.
Found four items.
There is a stone staircase leading up here.
Unknown command.
Found 12 gold pieces.
You hit the jelly.
Your hands burn!
The jelly is lightly wounded.
The jelly hits you. The acid corrodes you!
You are splashed with acid!
You hit the jelly but do no damage.
Your hands burn!
The jelly is lightly wounded.
The jelly barely misses you.
You hit the jelly.
Your hands burn!
The jelly is heavily wounded.
The jelly hits you.
You are splashed with acid!
* * * LOW HITPOINT WARNING * * *
It was a potion of magic.
Magic courses through your body. The jelly hits you.
* * * LOW HITPOINT WARNING * * *
The acid corrodes you!
You are splashed with acid.
You die...

#h..# #...#
#...# #...#
#######...#####
.?....?........
.............[.
.......<.......
##..###@..#####
#J..# #...#
#...# #...#
#...# .....
##$##.


You could see a jelly.

Vanquished Creatures
  An orc priest (D:3)
  2 adders
  A worm (D:3)
  A dart slug (D:1)
  3 orcs (D:3)
  2 bats
  4 endoplasms
  3 hobgoblins (D:2)
  A frilled lizard (D:3)
  5 goblins (D:3)
  2 kobolds
  A rat (D:2)
26 creatures vanquished.

Notes
Turn   | Place    | Note
-------+----------+-------------------------------------------
     0 | D:1      | Leszczynek the Human Gladiator began the quest for the Orb.
     0 | D:1      | Reached XP level 1. HP: 16/16 MP: 1/1
     0 | D:1      | 14 damage pain
     0 | D:1      | they don't even show the damage so you can't check this
                  | bullshit
     0 | D:1      | 14
    93 | D:2      | Reached XP level 2. HP: 20/22 MP: 2/2
   188 | D:2      | Reached XP level 3. HP: 17/28 MP: 3/3
   290 | D:3      | Reached skill level 3 in Fighting
   290 | D:3      | Reached XP level 4. HP: 18/35 MP: 4/4
   447 | D:3      | Noticed Robin
   476 | D:4      | HP: 6/35 [acid (7)]
   477 | D:4      | Splashed by a jelly's acid

Illustrated notes

##+#+##
#.....#
#.....+
#@.8..#
#.....+
#.....#
##+#+##


Turn 0 on D:1: 14 damage pain

Levels and vault maps discovered:
D:1:      minmay_arrival_solitary_statue, layout_loops_corners,
          dreamdust_ecumenical_altar_hidden_monk_grotto, minmay_close_crescents
D:2:      layout_loops_ring
D:3:      layout_basic, mainiacjoe_overflow_brackets, serial_shops,
          nicolae_lakefront_shop, wander_ebering_terrifying_dragon_lair,
          uniq_robin
D:4:      layout_loops_cross, overflow_temple_1_default, minmay_misc_feat_x,
          hangedman_decor_points, chequers_arboretum, uniq_eustachio,
          uniq_crazy_yiuf_cottage

Skill      XL: |  1  2  3 |
---------------+----------+-----
Fighting       | 3 |  3.0
Axes           | |  3.7
Throwing       | |  2.5
Dodging        | |  3.4

Action                   |  1- 3 |  4- 6 || total
-------------------------+-------+-------++-------
Melee: Whip              |    35 |    32 ||    67
       War axe           |     1 |       ||     1
Throw: Throwing net      |     1 |       ||     1
       Javelin           |     1 |       ||     1
  Use: Potion            |     1 |     1 ||     2
 Stab: Sleeping          |     1 |     1 ||     2
Armor: Leather armour    |    12 |    15 ||    27
Dodge: Dodged            |    18 |    16 ||    34

Table legend: (Time is in decaauts)
 A = Elapsed time spent in this place.
 B = Non-inter-level travel time spent in this place.
 C = Inter-level travel time spent in this place.
 D = Time resting spent in this place.
 E = Time spent auto-exploring this place.
 F = Levels seen in this place.
 G = Mean time per level.
                   A        B        C        D        E       F      G
               +--------+--------+--------+--------+--------+-----+--------+
         Total |    479 |    461 |     18 |      0 |      0 |   4 |  119.8 |
       Dungeon |    479 |    461 |     18 |      0 |      0 |   4 |  119.8 |
               +--------+--------+--------+--------+--------+-----+--------+

Top non-repeatable levels by time:
     D:3: 225 daAuts
     D:2: 153 daAuts
     D:1: 96 daAuts
     D:4: 4 daAuts
